 Dungeon Crawl Stone Soup version 0.16.1-11-g651b585 (webtiles) character file.

112163 abixa the Brawler (level 16, 158/158 HPs)
             Began as a Troll Fighter on Mar 31, 2015.
             Was the Champion of Okawaru.
             Quit the game on level 4 of the Orcish Mines.
             The game lasted 02:40:22 (33440 turns).

abixa the Brawler (Troll Fighter)                  Turns: 33440, Time: 02:40:22

Health: 158/158    AC: 16    Str: 28    XL:     16   Next: 11%
Magic:  23/23      EV:  9    Int:  4    God:    Okawaru [******]
Gold:   1311       SH: 14    Dex: 14    Spells: 4 memorised, 2 levels left

rFire  + . .     SeeInvis .       - Unarmed
rCold  + . .     Clarity  .     i - +2 troll leather armour
rNeg   . . .     SustAb   .     C - +2 shield of Resistance {rF+ rC+ MR+}
rPois  +         Gourm    +     Y - +2 hat
rElec  .         Spirit   +     J - +2 cloak
rCorr  .         Warding  .     (gloves unavailable)
rMut   .         Stasis   .     (boots unavailable)
MR     +++..                    L - amulet of guardian spirit
Stlth  +.........               S - ring of poison resistance (curse)
                                K - ring of protection from magic

@: extremely resistant to hostile enchantments, very unstealthy
A: unfitting armour, claws 3, fast metabolism 3, gourmand, regeneration 2,
shaggy fur 1, tough skin 2
a: Heroism, Finesse, Renounce Religion


You were on level 4 of the Orcish Mines.
You worshipped Okawaru.
Okawaru was exalted by your worship.
You were not hungry.

You visited 6 branches of the dungeon, and saw 30 of its levels.
You also visited: Ossuary, Ice Cave and Wizlab.

You collected 2873 gold pieces.
You spent 1562 gold pieces at shops.

Inventory:

Hand weapons
 b - a +3 blowgun
Missiles
 h - 5 throwing nets
 y - 137 poisoned needles
 A - 7 tomahawks of dispersal
 B - 12 javelins
 G - 13 large rocks (quivered)
 W - 29 tomahawks
Armour
 i - a +2 troll leather armour (worn)
 C - the +2 shield of Resistance (worn) {rF+ rC+ MR+}
   (You bought it in a shop on level 4 of the Orcish Mines)

   It protects you from fire.
   It protects you from cold.
   It affects your resistance to hostile enchantments.
 J - a +2 cloak (worn)
 O - a +0 ice dragon armour
 Y - a +2 hat (worn)
Jewellery
 m - an uncursed amulet of stasis
 x - an uncursed amulet of resist mutation
 K - a ring of protection from magic (left claw)
 L - an amulet of guardian spirit (around neck)
 S - a cursed ring of poison resistance (right claw)
Magical devices
 l - a wand of fire (3)
 o - a wand of draining (0)
 p - a wand of teleportation (4)
 r - a wand of confusion (21)
 T - a wand of lightning (3)
Scrolls
 d - 4 scrolls of vulnerability
 f - 3 scrolls of identify
 g - 7 scrolls of fog
 n - 11 scrolls of remove curse
 q - 5 scrolls of magic mapping
 v - 6 scrolls of blinking
 z - 2 scrolls of teleportation
Potions
 c - a potion of restore abilities
 e - 5 potions of might
 j - 7 potions of agility
 k - 10 potions of curing
 s - 2 potions of berserk rage
 u - 2 potions of invisibility
 D - 7 potions of haste
 E - 2 potions of flight
 F - 3 potions of cancellation
 P - 5 potions of resistance
Comestibles
 a - 14 meat rations
 Q - 9 fruits


   Skills:
 - Level 10.3 Fighting
 - Level 9.8 Throwing
 + Level 11.1 Armour
 - Level 9.0 Shields
 - Level 16.3 Unarmed Combat
 - Level 8.3 Invocations


You had 2 spell levels left.
You knew the following spells:

 Your Spells              Type           Power        Failure   Level  Hunger
a - Blink                 Tloc           N/A          86%         2    ###....
b - Repel Missiles        Chrm/Air       #.....       86%         2    ###....
c - Control Teleport      Chrm/Tloc      #.........   100%        4    #####..
d - Phase Shift           Tloc           #.........   100%        5    ######.


Dungeon Overview and Level Annotations

Branches:
Dungeon (15/15)            Temple (1/1) D:5            Lair (8/8) D:8
 Shoals (0/5) Lair:3       Spider (1/5) Lair:5        Slime (0/6) Lair:8
    Orc (4/4) D:12            Elf (1/3) Orc:4        Vaults (0/5) D:14
 Depths (0/5) D:15

Altars:
Ashenzari
Cheibriados
Dithmenos
Elyvilon
Fedhas
Gozag
Kikubaaqudgha
Makhleb
Nemelex Xobeh
Okawaru
Qazlal
Ru
Sif Muna
Trog
Vehumet
Xom
Yredelemnul
Zin
The Shining One
Beogh

Shops:
D:9 *%?!   Orc:1 !   Orc:4 (*[:

Portals:
Hell: Lair:8

Annotations:
D:3 ZiggyStardust's ghost, average OgBe
D:7 exclusion: upstairs


Innate Abilities, Weirdness & Mutations

You are too large for most types of armour.
You have claws for hands.
Your metabolism is lightning-fast.
You like to eat raw meat.
You heal very quickly.
You are covered in fur (AC +1).
You have very tough skin (AC +2).


Message History

You start resting.
Magic restored.
You start resting.
You start resting.
HP restored.
You start waiting.
An orc comes into view. It is wielding a war axe.
An orc comes into view.
The orc shouts!
The orc shouts!
You block the orc's attack. The orc hits you but does no damage.
You claw the orc!
You kill the orc!
You block the orc's attack.
You claw the orc!
You kill the orc!
No target in view!
No target in view!
No target in view!
Are you sure you want to abandon this character and quit the game? (Confirm with "yes".)

#................P.............
######..................P..##)....#
)_..###...........................#
!/.###.........[[..................
#'####.........)..................#
8)88.#.........[[................#.
.....#...........[)........##......
.....#...........P.........####..#.
.....#..........8@..........##....#
.....#......P).....P.......#.......
...8.#......)†..∩....P.........#...
.....#.[)[....).)..............)...
.....#.)>#..........P....P..PPP.P..
...8.#.#####PP.............)P......
.....#.# #.............P....[....
.....### ###..P..................
...8.# ###.....#.......∩[..P.


There were no monsters in sight!

Vanquished Creatures
  5 draconian monks (WizLab)
  Louise (Elf:1)
  Gastronok (Lair:1)
  An orc warlord (Orc:4)
  2 dire elephants (Lair:8)
  Fannar (Lair:1)
  4 monstrous demonspawn (WizLab)
  2 ice dragons (D:15)
  An ogre mage (D:14)
  6 hydras
  The ghost of Krapule the Nimble, a powerful OpTm of Dithmenos (D:13)
  Erica (D:13)
  3 tengu warriors
  A hell beast (Lair:8)
  2 centaur warriors
  5 orc high priests (Orc:4)
  Urug (D:12)
  A large abomination (Elf:1)
  6 deep elf knights
  A fire crab (Lair:7)
  4 unseen horrors
  An ice devil (IceCv)
  6 deep trolls (WizLab)
  5 deep elf summoners (Elf:1)
  6 hill giants
  4 ice statues (IceCv)
  A wizard (Lair:8)
  Erolcha (D:13)
  A griffon (Lair:3)
  The ghost of ZiggyStardust the Shield-Bearer, an experienced TrTm (D:6)
  4 orc knights
  A hornet (Spider:1)
  7 deep elf conjurers (Elf:1)
  3 orb spiders (Spider:1)
  A necromancer (IceCv)
  3 wolf spiders
  7 orc sorcerers
  5 ugly things
  2 cyclopes
  9 elephants (Lair:7)
  A siren (Lair:3)
  An octopode (shapeshifter) (Elf:1)
  16 spiny frogs
  5 black mambas
  A torpor snail (Spider:1)
  2 orange demons (Lair:8)
  3 gargoyles
  11 komodo dragons
  4 yaktaurs (D:14)
  9 blue devils
  2 deep elf priests (Elf:1)
  A demonic crawler (Spider:1)
  2 efreet (D:13)
  6 jumping spiders
  2 hellwings
  3 red devils (Lair:8)
  A fire drake (Lair:4)
  4 two-headed ogres
  3 merfolk (Lair:3)
  6 trolls
  2 polar bears
  4 slime creatures (D:14)
  A boulder beetle (Lair:8)
  10 ravens
  A basilisk (D:14)
  3 blink frogs (Lair:8)
  6 wraiths
  2 trapdoor spiders
  6 redbacks
  A spriggan (Lair:7)
  2 wyverns
  A shadow (D:15)
  42 yaks
  6 tarantellas
  11 deep elf magi
  A fire elemental (Lair:6)
  2 steam dragons
  11 hippogriffs
  Grum (D:10)
  6 vampire mosquitoes
  A hungry ghost (D:8)
  2 fire bats (Lair:6)
  2 mottled dragons
  A soldier ant (D:12)
  10 deep elf fighters
  2 wargs
  4 insubstantial wisps (D:15)
  14 wolves
  10 water moccasins
  9 porcupines
  2 sky beasts (D:5)
  3 spiders (Spider:1)
  15 ice beasts
  A swamp drake (Orc:1)
  A boggart (D:14)
  31 orc warriors
  3 centaurs
  3 black bears
  13 crocodiles
  An eye of draining (D:10)
  2 phantoms
  15 ogres
  Duvessa (D:6)
  3 boring beetles
  A brain worm (D:13)
  21 giant frogs
  4 big kobolds
  11 scorpions
  A wyvern zombie (D:9)
  2 wyvern skeletons
  4 killer bees (D:9)
  9 wights
  4 electric eels
  8 crimson imps
  A lava snake (Lair:6)
  3 centaur zombies
  Dowan (D:6)
  2 vampire bats (Lair:5)
  2 giant frog zombies
  A goliath beetle (D:10)
  2 draconian simulacra (IceCv)
  2 human zombies (Ossuary)
  An iron imp (Orc:1)
  A gnoll shaman (D:5)
  2 jellies
  21 orc priests
  A troll simulacrum (IceCv)
  7 hounds
  33 orc wizards
  6 iguanas
  17 sheep
  10 hell rats
  2 spriggan simulacra (IceCv)
  A killer bee zombie (D:10)
  10 worker ants
  A big kobold zombie (Ossuary)
  3 centaur simulacra (IceCv)
  Ijyb (D:6)
  2 hound zombies
  7 mummies
  An ogre simulacrum (IceCv)
  40 river rats
  29 adders
  12 gnolls
  A naga simulacrum (IceCv)
  4 shadow imps
  A white imp (Orc:1)
  3 worms
  3 adder zombies
  9 giant geckos
  An ooze (D:1)
  155 orcs
  2 ball pythons
  23 bats
  A bat skeleton (D:4)
  A bat zombie (D:8)
  6 giant cockroaches
  26 goblins
  16 hobgoblins
  7 jackals
  13 quokkas
  2 giant gecko skeletons
  8 giant newts
  A gnoll zombie (Ossuary)
  2 goblin zombies (Ossuary)
  A jackal zombie (Ossuary)
  22 kobolds
  18 rats
  3 rat zombies (Ossuary)
  4 ballistomycetes
  3 crawling corpses (Elf:1)
  3 fungi
  A plant (D:15)
1096 creatures vanquished.

Vanquished Creatures (others)
  The ghost of Zigurun the Unseen, a mighty SpEn of Dithmenos (Elf:1)
  A redback (Spider:1)
  An orc wizard (D:14)
  An orc (Orc:1)
  2 giant spores
  3 fungi
  6 plants
15 creatures vanquished.

Grand Total: 1111 creatures vanquished

Notes
Turn   | Place    | Note
--------------------------------------------------------------
     0 | D:1      | abixa, the Troll Fighter, began the quest for the Orb.
     0 | D:1      | Reached XP level 1. HP: 22/22 MP: 1/1
   133 | D:1      | Reached XP level 2. HP: 27/29 MP: 1/1
   179 | D:1      | You fall through a shaft!
   187 | D:2      | Reached skill level 3 in Unarmed Combat
   374 | D:1      | Reached XP level 3. HP: 33/36 MP: 2/2
   763 | D:2      | Reached skill level 4 in Unarmed Combat
   832 | D:2      | Reached XP level 4. HP: 42/44 MP: 2/2
  1009 | D:2      | Found a bloodstained altar of Trog.
  1128 | D:2      | Reached skill level 5 in Unarmed Combat
  1448 | D:3      | Reached XP level 5. HP: 40/50 MP: 2/2
  1773 | D:3      | Noticed ZiggyStardust's ghost (average OgBe)
  1921 | D:3      | Found a snail-covered altar of Cheibriados.
  2109 | D:3      | Reached skill level 6 in Unarmed Combat
  2710 | D:4      | Reached XP level 6. HP: 49/59 MP: 3/3
  2769 | D:4      | Noticed an ogre
  2834 | D:4      | Reached skill level 7 in Unarmed Combat
  2840 | D:4      | Killed an ogre
  3047 | D:4      | Reached XP level 7. HP: 61/66 MP: 3/3
  3185 | D:4      | Found a sparkling altar of Nemelex Xobeh.
  3791 | D:5      | Entered Level 5 of the Dungeon
  3794 | D:5      | Found a staircase to the Ecumenical Temple.
  3805 | Temple   | Entered the Ecumenical Temple
  4103 | D:5      | Reached skill level 8 in Unarmed Combat
  4201 | D:5      | Reached skill level 9 in Unarmed Combat
  4492 | D:5      | Reached XP level 8. HP: 70/74 MP: 3/3
  5056 | D:6      | Noticed ZiggyStardust's ghost (experienced TrTm)
  5116 | D:6      | Found a deep blue altar of Sif Muna.
  5191 | D:6      | Reached skill level 10 in Unarmed Combat
  5373 | D:6      | Noticed Dowan
  5387 | D:6      | Noticed Duvessa
  5397 | D:6      | Killed Duvessa
  5405 | D:6      | Killed Dowan
  5854 | D:7      | Reached XP level 9. HP: 83/83 MP: 4/4
  6306 | D:6      | Found a radiant altar of Vehumet.
  6306 | D:6      | Found a snail-covered altar of Cheibriados.
  6591 | D:6      | Reached skill level 11 in Unarmed Combat
  6592 | D:6      | Found a white marble altar of Elyvilon.
  6659 | D:6      | Noticed Ijyb
  6686 | D:6      | Killed Ijyb
  6797 | D:6      | Killed ZiggyStardust's ghost
  7217 | D:6      | Found a sacrificial altar of Ru.
  7830 | D:8      | Found a staircase to the Lair.
  7835 | D:8      | Found a sand-covered staircase.
  7847 | Ossuary  | Entered an ossuary
  8075 | D:8      | Found a stormy altar of Qazlal.
  8256 | D:8      | Reached skill level 5 in Shields
  8685 | D:9      | Found Wevonkid's Food Shoppe.
  8700 | D:9      | Found Yrakiuxuase's Distillery.
  8705 | D:9      | Bought a potion of poison for 16 gold pieces
  8705 | D:9      | Bought a potion of degeneration for 16 gold pieces
  8710 | D:9      | Found Moef's Magic Scroll Shop.
  8713 | D:9      | Bought a scroll of noise for 12 gold pieces
  8731 | D:9      | Found a shattered altar of Ashenzari.
  8810 | D:9      | Found an iron altar of Okawaru.
  8820 | D:9      | Became a worshipper of Warmaster Okawaru
  8982 | D:9      | Found Psinlaor's General Store.
  8987 | D:9      | Bought an uncursed ring of poison resistance for 260 gold pieces
  9075 | D:9      | Reached XP level 10. HP: 94/94 MP: 4/4
  9097 | D:9      | Reached skill level 12 in Unarmed Combat
  9174 | D:9      | Reached skill level 5 in Fighting
  9177 | D:9      | Acquired Okawaru's first power
  9343 | D:10     | Entered Level 10 of the Dungeon
  9346 | D:10     | Noticed Grum
  9486 | D:10     | Killed Grum
  9609 | D:10     | Reached skill level 1 in Invocations
  9873 | D:10     | Reached skill level 1 in Throwing
 10667 | D:11     | Noticed a four-headed hydra
 10667 | D:11     | Noticed a hill giant
 10813 | D:11     | Noticed a hill giant
 10829 | D:11     | Killed a hill giant
 10829 | D:11     | Reached skill level 5 in Throwing
 11197 | D:12     | Reached XP level 11. HP: 72/104 MP: 5/5
 11223 | D:11     | Killed an unseen horror
 11386 | D:12     | Found a staircase to the Orcish Mines.
 11558 | Lair:1   | Entered Level 1 of the Lair of Beasts
 11601 | Lair:1   | Found a frozen archway.
 11678 | IceCv    | Entered an ice cave
 11685 | IceCv    | Noticed an ice devil
 11703 | IceCv    | Killed an ice devil
 11787 | IceCv    | Noticed an ice statue
 11787 | IceCv    | Noticed an ice statue
 11798 | IceCv    | Killed an ice statue
 11798 | IceCv    | Reached skill level 13 in Unarmed Combat
 11824 | IceCv    | Killed an ice statue
 11937 | IceCv    | Noticed an ice statue
 11947 | IceCv    | Killed an ice statue
 11947 | IceCv    | Reached skill level 5 in Armour
 12070 | IceCv    | Noticed an ice statue
 12080 | IceCv    | Noticed a necromancer
 12081 | IceCv    | Killed an ice statue
 12082 | IceCv    | Killed a necromancer
 12105 | IceCv    | Got a jewelled hunting sling
 13075 | Lair:1   | Noticed Gastronok
 13129 | Lair:1   | Killed Gastronok
 13129 | Lair:1   | Acquired Okawaru's second power
 13184 | Lair:1   | Reached XP level 12. HP: 95/115 MP: 4/6
 13240 | Lair:1   | Noticed Fannar
 13310 | Lair:1   | Killed Fannar
 14331 | Lair:3   | Received a gift from Okawaru
 14450 | Lair:3   | Reached skill level 5 in Invocations
 14472 | Lair:3   | Found a staircase to the Shoals.
 14553 | Lair:3   | Received a gift from Okawaru
 14868 | Lair:3   | Noticed a five-headed hydra
 15112 | D:12     | Got a shimmering hunting sling
 15313 | D:12     | Noticed a hill giant
 15321 | D:12     | Killed a hill giant
 15321 | D:12     | Reached skill level 14 in Unarmed Combat
 15523 | Orc:1    | Entered Level 1 of the Orcish Mines
 15644 | Orc:1    | Found Daarecka's Distillery.
 15900 | Orc:1    | Learned a level 2 spell: Blink
 15903 | Orc:1    | Learned a level 2 spell: Repel Missiles
 17611 | Orc:4    | Entered Level 4 of the Orcish Mines
 17684 | Orc:4    | Noticed an orc warlord
 17793 | Orc:3    | Reached XP level 13. HP: 56/124 MP: 9/20
 17900 | Orc:4    | Killed an orc warlord
 18117 | Orc:4    | Found Proekeose's Antique Weapon Shoppe.
 18163 | Orc:4    | Found a runed door.
 18357 | Orc:4    | Found Pnigh's Book Boutique.
 18804 | Orc:4    | Found Okkaunag's Antique Armour Emporium.
 18811 | Orc:4    | Bought the +2 shield of Resistance {rF+ rC+ MR+} for 1150 gold pieces
 18829 | Orc:4    | Found Riett's General Store.
 18860 | Orc:4    | Found a staircase to the Elven Halls.
 19151 | Orc:4    | Received a gift from Okawaru
 19275 | Orc:4    | Found a roughly hewn altar of Beogh.
 19558 | D:9      | Bought a scroll of teleportation for 36 gold pieces
 19558 | D:9      | Bought a scroll of identify for 24 gold pieces
 19558 | D:9      | Bought 2 scrolls of identify for 48 gold pieces
 19676 | Lair:2   | Identified 2 scrolls of acquirement
 20152 | Lair:4   | Received a gift from Okawaru
 20152 | Lair:4   | Reached skill level 15 in Unarmed Combat
 20157 | Lair:4   | Got a brightly glowing robe {god gift}
 21374 | Lair:5   | Found a hole to the Spider Nest.
 22106 | Lair:6   | Identified the -2 robe of Oblivion {-Tele rC+ Regen+ Str+6 Int+6} (Okawaru gifted it to you on level 4 of the Lair of Beasts)
 22413 | Lair:6   | Reached XP level 14. HP: 136/136 MP: 20/20
 23546 | Lair:7   | You fall through a shaft!
 23546 | Lair:8   | Entered Level 8 of the Lair of Beasts
 23602 | Lair:8   | Received a gift from Okawaru
 24173 | Lair:8   | Found a staircase to the Slime Pits.
 24918 | Lair:8   | Received a gift from Okawaru
 24949 | Lair:8   | Found a burning altar of Makhleb.
 25176 | Lair:8   | Found a gateway to Hell.
 25823 | Lair:3   | Killed a five-headed hydra
 25948 | Spider:1 | Entered Level 1 of the Spider Nest
 26406 | Spider:1 | Received a gift from Okawaru
 26461 | Spider:1 | HP: 7/140 [jumping spider (10)]
 26466 | Spider:1 | HP: 4/140 [poisoned by a wolf spider]
 26476 | Spider:1 | HP: 2/140 [wolf spider (10)]
 26495 | Spider:1 | HP: 7/140 [poisoned by a wolf spider]
 26501 | Spider:1 | HP: 7/140 [poisoned by a wolf spider]
 26505 | Spider:1 | Reached XP level 15. HP: 4/148 MP: 1/21
 26506 | Spider:1 | HP: 4/148 [poisoned by a wolf spider]
 26513 | Lair:5   | HP: 6/148 [poisoned by a wolf spider]
 26809 | Lair:3   | Received a gift from Okawaru
 26810 | Lair:3   | Got a scorched quarterstaff {god gift}
 27085 | D:13     | Noticed Krapule's ghost (powerful OpTm)
 27172 | D:13     | Noticed Urug
 27257 | D:12     | Killed Urug
 27447 | D:13     | Reached skill level 16 in Unarmed Combat
 27683 | D:13     | Noticed Erolcha
 27715 | D:13     | Killed Krapule's ghost
 27778 | D:13     | Killed Erolcha
 28540 | D:14     | Noticed Erica
 28766 | D:13     | Killed Erica
 28928 | D:14     | Received a gift from Okawaru
 29166 | D:14     | Identified Jetocopp's Compendium of the Shifting Glacier
 29368 | D:14     | Reached skill level 10 in Fighting
 29588 | D:14     | Found a gate to the Vaults.
 29701 | D:15     | Entered Level 15 of the Dungeon
 29976 | D:15     | Received a gift from Okawaru
 30821 | D:15     | Found a staircase to the Depths.
 31205 | Lair:2   | Learned a level 4 spell: Control Teleport
 31211 | Lair:2   | Learned a level 5 spell: Phase Shift
 31488 | Elf:1    | Entered Level 1 of the Elven Halls
 31585 | Elf:1    | Killed Zigurun's ghost
 31605 | Elf:1    | Reached skill level 10 in Armour
 31666 | Elf:1    | Found a magical portal.
 31685 | WizLab   | Entered Wucad Mu's Monastery
 31714 | WizLab   | Noticed a grey draconian monk
 31715 | WizLab   | Noticed a grey draconian monk
 31731 | WizLab   | Killed a grey draconian monk
 31920 | WizLab   | Noticed a grey draconian monk
 31969 | WizLab   | Noticed a grey draconian monk
 31982 | WizLab   | Killed a grey draconian monk
 31993 | WizLab   | Noticed a grey draconian monk
 32002 | WizLab   | Killed a grey draconian monk
 32048 | WizLab   | Noticed a grey draconian monk
 32053 | WizLab   | Killed a grey draconian monk
 32098 | WizLab   | Noticed a grey draconian monk
 32121 | WizLab   | Killed a grey draconian monk
 32129 | WizLab   | Noticed a grey draconian monk
 32471 | Elf:1    | Received a gift from Okawaru
 32728 | Elf:1    | Noticed Louise
 32736 | Elf:1    | Killed Louise
 32778 | Elf:1    | Reached XP level 16. HP: 116/158 MP: 17/23
 33134 | Elf:1    | Received a gift from Okawaru
 33440 | Orc:4    | Quit the game

Action                   |  1- 3 |  4- 6 |  7- 9 | 10-12 | 13-15 | 16-18 || total
-------------------------+-------+-------+-------+-------+-------+-------++-------
Melee: Unarmed           |   102 |   211 |   359 |   957 |  1799 |   101 ||  3529
       Spear             |       |       |    16 |       |       |       ||    16
 Fire: Blowgun           |       |     2 |     7 |     2 |       |       ||    11
Throw: Stone             |    14 |    11 |    28 |    68 |     4 |       ||   125
       Tomahawk          |       |       |       |    10 |   179 |       ||   189
       Throwing net      |       |       |       |       |     3 |       ||     3
       Large rock        |       |       |       |       |    17 |       ||    17
Invok: Heroism           |       |       |       |       |     6 |       ||     6
Evoke: Wand              |       |       |       |       |    14 |       ||    14
  Use: Scroll            |       |     1 |     8 |    14 |    19 |       ||    42
       Potion            |       |       |       |       |     3 |       ||     3
 Stab: Sleeping          |       |       |     2 |       |     2 |       ||     4
       Distracted        |       |       |     1 |       |       |       ||     1
       Invisible         |       |       |       |       |     1 |       ||     1
       Held in net/web   |       |       |       |       |     4 |       ||     4
  Eat: Chunk             |    10 |    23 |    56 |    75 |   130 |     8 ||   302
       Fruit             |       |       |     1 |     4 |       |       ||     5
       Beef jerky        |       |       |       |     1 |       |       ||     1
